Get step-by-step instructions on how to execute this build order below. Start the game timer, and the build order will tick by so you can play in parallel with StarCraft on a second screen or mobile device.

Game Time

  0:00

Last Step

  N/A

Next Step

Upcoming Step



Don't want to look back and forth between 2 screens? Try out our Overwolf App, the Spawning Tool Build Advisor to get an in-game overlay with this build!

Complete Build Order

  12  0:01  Drone  
  13  0:12  Overlord  
  13  0:16  Drone  
  14  0:31  Drone x2  
  16  0:36  Drone  
  17  0:53  Hatchery  
  17  0:56  Drone  
  17  1:03  Drone  
  18  1:07  Drone  
  18  1:08  Extractor  
  18  1:18  Spawning Pool  
  17  1:21  Drone  
  18  1:28  Drone  
  19  1:39  Drone  
  20  1:50  Overlord  
  20  2:01  Drone  
  20  2:05  Queen x2  
  20  2:07  Zergling x2  
  26  2:10  Metabolic Boost  
  26  2:12  Zergling x2  
  29  2:22  Drone x2  
  29  2:27  Drone  
  30  2:37  Drone  
  30  2:42  Queen  
  33  2:45  Overlord  
  33  2:48  Lair  
  33  2:50  Drone  
  34  2:53  Drone  
  34  2:57  Drone  
  36  3:01  Overlord  
  36  3:06  Drone  
  36  3:10  Zergling x2  
  38  3:13  Drone  
  38  3:15  Drone x2  
  38  3:16  Drone x2  
  38  3:19  Drone  
  44  3:21  Extractor  
  44  3:23  Extractor  
  42  3:30  Drone  
  42  3:32  Drone x2  
  45  3:36  Drone  
  45  3:39  Extractor  
  45  3:43  Drone  
  45  3:48  Overlord  
  46  3:51  Drone x2  
  46  3:52  Drone  
  46  3:55  Drone x2  
  51  3:57  Spire, Drone  
  51  4:08  Hydralisk Den  
  50  4:10  Drone x2  
  50  4:14  Spore Crawler  
  50  4:15  Queen  
  50  4:16  Drone  
  54  4:17  Drone  
  54  4:36  Overlord  
  54  4:39  Overseer  
  54  4:42  Drone  
  54  4:43  Drone  
  54  4:44  Overlord  
  56  4:47  Hatchery  
  56  4:50  Overlord x2  
  55  5:10  Mutalisk x6  
  67  5:15  Mutalisk  
  67  5:19  Drone x2  
  71  5:23  Hydralisk x2  
  71  5:26  Drone  
  76  5:31  Overlord  
  76  5:32  Overlord  
  76  5:39  Muscular Augments  
  75  5:47  Overlord  
  75  5:53  Drone x4  
  79  6:00  Overlord  
  79  6:03  Drone x2  
  79  6:04  Drone  
  82  6:05  Drone  
  82  6:07  Lurker Den  
  82  6:08  Drone x4  
  86  6:12  Extractor  
  86  6:13  Hydralisk, Extractor  
  86  6:24  Hydralisk x4  
  90  6:38  Hydralisk  
  90  6:42  Hydralisk x2  
  90  6:43  Hydralisk x3  
  100  6:48  Hydralisk  
  102  6:54  Hydralisk  
  102  6:58  Drone  
  103  7:04  Drone x5  
  103  7:07  Drone x3  
  107  7:10  Drone, Evolution Chamber  
  107  7:14  Queen  
  107  7:16  Spore Crawler  
  106  7:24  Hydralisk x3  
  106  7:26  Hatchery  
  111  7:31  Zergling x4  
  111  7:32  Overlord  
  111  7:33  Overlord  
  113  7:37  Zerg Missile Weapons Level 1  
  113  7:45  Overseer  
  113  7:55  Lurker x6  
  120  7:58  Lurker  
  120  8:00  Drone x2  
  120  8:04  Drone, Overlord x2  
  123  8:09  Drone x3, Infestation Pit  
  123  8:10  Drone  
  123  8:11  Hatchery, Extractor  
  124  8:14  Extractor  
  124  8:15  Drone  
  124  8:19  Drone x3  
  127  8:25  Overlord  
  127  8:26  Overlord  
  127  8:27  Overlord  
  127  8:31  Hydralisk  
  127  8:32  Hydralisk x3, Spore Crawler  
  134  8:43  Drone x3  
  134  8:45  Drone x2  
  134  8:47  Hive  
  139  8:53  Zergling x8  
  139  8:54  Zergling x8  
  141  9:16  Evolution Chamber  
  131  9:21  Hydralisk  
  131  9:22  Hydralisk x8, Zergling x2  
  131  9:23  Zergling x8  
  146  9:31  Zerg Melee Weapons Level 1  
  146  9:35  Lurker, Zergling x2  
  146  9:36  Lurker x6  
  152  9:47  Hydralisk x7  
  164  9:53  Zerg Missile Weapons Level 2  
  164  9:55  Zergling x6  
  164  9:56  Zergling x2  
  166  10:01  Viper  
  166  10:05  Overlord  
  169  10:07  Drone x2  
  169  10:20  Viper  
  167  10:23  Greater Spire  
  167  10:28  Spine Crawler x2  
  164  10:36  Spine Crawler  
  164  10:37  Adrenal Glands, Spine Crawler  
  164  10:38  Corruptor x2  
  164  10:40  Overlord, Hydralisk  
  164  10:41  Zergling x6  
  171  10:45  Lurker  
  171  10:48  Hatchery  
  169  10:58  Zergling x28  
  169  11:01  Overlord  
  163  11:11  Corruptor x3  
  163  11:16  Lurker x3  
  163  11:17  Lurker  
  173  11:23  Drone x2  
  173  11:24  Drone  
  176  11:29  Overlord  
  176  11:33  Zerg Ground Armor Level 1  
  176  11:38  Brood Lord x2  
  179  11:47  Brood Lord  
  179  11:49  Burrow  
  175  11:54  Overlord  
  169  12:02  Zergling x8  
  169  12:06  Brood Lord x2  
  177  12:13  Corruptor x2  
  181  12:20  Drone x4  
  185  12:27  Zergling x2  
  185  12:28  Zergling x26  
  185  12:29  Spore Crawler  
  197  12:31  Spore Crawler  
  197  12:37  Mutalisk, Spine Crawler, Extractor  
  193  12:38  Spine Crawler  
  193  12:39  Extractor  
  192  12:50  Brood Lord x2  
  196  13:03  Corruptor x2  
  200  13:06  Overlord  
  200  13:08  Zerg Melee Weapons Level 2  
  200  13:10  Overlord  
  189  13:28  Spore Crawler, Spine Crawler  
  186  13:35  Brood Lord, Pathogen Glands  
  186  13:36  Zerg Missile Weapons Level 3, Unknown  
  185  13:42  Brood Lord, Corruptor x3  
  185  13:44  Drone x2  
  185  13:45  Drone  
  185  13:47  Drone x3, Spine Crawler  
  196  13:49  Spine Crawler  
  187  14:07  Zergling x28  
  199  14:20  Zerg Flyer Weapons Level 1  
  199  14:21  Spire  
  198  14:27  Spore Crawler  
  198  14:28  Spore Crawler  
  198  14:29  Spore Crawler x2  
  198  14:30  Brood Lord  
  198  14:31  Brood Lord  
  198  14:32  Neural Parasite, Overseer  
  198  14:35  Brood Lord  
  190  14:42  Zergling x2  
  190  14:43  Zergling x18  
  200  14:54  Overlord  
  192  15:07  Corruptor x2  
  192  15:10  Infestor x3  
  200  15:27  Infestor x3  
  200  15:34  Zerg Ground Armor Level 2  
  200  15:38  Overseer  
  200  15:40  Zerg Flyer Armor Level 1  
  191  16:00  Infestor  
  191  16:01  Infestor x6  
  179  16:34  Infestor  
  179  16:35  Infestor x6  
  193  16:44  Queen  
  193  16:46  Queen  
  197  16:52  Zergling x4  
  199  16:55  Spine Crawler  
  199  16:59  Spore Crawler x3  
  199  17:00  Spore Crawler  
  194  17:02  Drone x6, Spore Crawler x2  
  194  17:03  Drone  
  194  17:04  Drone x2, Spore Crawler x3  
  194  17:05  Drone x2, Spore Crawler  
  199  17:10  Spore Crawler  
  199  17:11  Spore Crawler  
  199  17:12  Spore Crawler  
  199  17:13  Spore Crawler  
  199  17:15  Spore Crawler x2  
  190  17:25  Drone x2  
  190  17:29  Overseer  
  192  17:30  Queen  
  192  17:31  Pneumatized Carapace  
  192  17:32  Queen  
  196  17:37  Drone x2  
  196  17:38  Drone  
  199  17:48  Spore Crawler  
  199  17:50  Spore Crawler x2  
  196  18:00  Infestor  
  196  18:05  Spore Crawler x2  
  196  18:06  Spore Crawler  
  196  18:07  Spore Crawler  
  194  18:15  Spore Crawler  
  194  18:17  Spore Crawler  
  192  18:20  Zergling x4  
  192  18:21  Zergling x4  
  195  18:29  Overseer  
  195  18:43  Brood Lord x2  
  199  18:55  Hatchery  
  198  19:16  Spore Crawler  
  196  19:17  Spore Crawler  
  196  19:18  Infestor x2  
  196  19:23  Zerg Ground Armor Level 3, Zerg Melee Weapons Level 3  
  199  19:24  Zerg Flyer Weapons Level 2, Zerg Flyer Armor Level 2  
  185  20:23  Infestor x9  
  199  21:03  Zergling x2  
  199  21:05  Spore Crawler x2  
  199  21:06  Spore Crawler  
  199  21:09  Spore Crawler  
  193  21:20  Infestor x2  
  193  21:23  Infestor  
  199  21:28  Extractor  
  199  21:30  Spore Crawler, Extractor  
  199  21:32  Spore Crawler x2  
  194  21:33  Spore Crawler  
  194  21:34  Spore Crawler  
  192  21:46  Infestor x3  
  185  21:47  Spore Crawler x2  
  185  21:48  Spore Crawler x2  
  182  21:58  Drone x5  
  187  22:01  Infestor x4  
  187  22:02  Infestor x2, Hatchery  
  198  22:10  Spore Crawler  
  198  22:12  Spore Crawler x3  
  193  22:23  Drone x4  
  161  22:41  Infestor x6  
  166  22:51  Infestor x22  
  161  22:56  Zergling x2  
  161  22:57  Zergling x4  
  159  23:12  Infestor  
  149  23:13  Zergling x28  
  149  23:14  Zergling x28  
  161  23:31  Zergling x2